 Dungeon Sprint DCSS version 0.27-a0-1147-gb3d8e82157 (webtiles) character file.

Game seed: 8408414856759792066

1992 Zeld the Zephyrmancer (level 9, -1/64 HPs)
             Began as an Octopode Air Elementalist on May 11, 2021.
             Was a High Priest of Sif Muna.
             Slain by Gastronok (35 damage)
             ... in the Dungeon (Sprint V: "Ziggurat Sprint").
             The game lasted 00:04:46 (1354 turns).

Zeld the Zephyrmancer (Octopode Air Elementalist)   Turns: 1354, Time: 00:04:46

Health: -1/64      AC:  1    Str:  7    XL:     9   Next: 21%
Magic:  7/30       EV: 16    Int: 33    God:    Sif Muna [*****.]
Gold:   0          SH:  0    Dex: 12    Spells: 12/24 levels left

rFire    . . .     SeeInvis .   (no weapon)
rCold    . . .     Faith    .   (no shield)
rNeg     . . .     Spirit   .   (helmet restricted)
rPois    .         Reflect  .   m - amulet of magic regeneration
rElec    .         Harm     .   o - +6 ring of intelligence
rCorr    .         Rampage  .   p - +6 ring of intelligence
Will     .....     NoTele   +   y - ring of magical power
Stlth    +++.......             (no ring)
HPRegen  0.20/turn              (no ring)
MPRegen  0.47/turn              (no ring)
                                (no ring)
                                (no ring)

@: very slightly contaminated
A: almost no armour, amphibious, 8 rings, camouflage 1, gelatinous body 1,
(nimble swimmer 1), tentacles
a: Renounce Religion, Channel Magic, Forget Spell, Divine Exegesis


You were in the Dungeon.
You worshipped Sif Muna.
Sif Muna was extremely pleased with you.
You visited 1 branch

Inventory:

Armour
 j - a +3 tower shield
Jewellery
 m - an amulet of magic regeneration (around mantle)
 o - a +6 ring of intelligence (left tentacle)
 p - a +6 ring of intelligence (right tentacle)
 y - a ring of magical power (on tentacle)
Wands
 l - a wand of mindburst (7)
Scrolls
 r - 4 scrolls of amnesia
 s - 7 scrolls of fog
 t - a scroll of holy word
 u - 5 scrolls of identify
 v - a scroll of fear
 w - 4 scrolls of enchant weapon
Potions
 a - 2 potions of brilliance
 b - 10 potions of curing
 c - 8 potions of heal wounds
 d - 6 potions of haste
 e - 6 potions of magic
 f - 3 potions of berserk rage
 h - a potion of invisibility
 i - 4 potions of resistance
 k - 5 potions of might
Miscellaneous
 q - a lightning rod (1/4)
 x - a lightning rod (1/4)


   Skills:
 + Level 7.1 Fighting
 + Level 7.6 Dodging
 - Level 2.6 Stealth
 + Level 8.1 Spellcasting
 - Level 1.0 Conjurations
 * Level 12.0 Air Magic
 * Level 11.0 Invocations


You had 12 spell levels left.
You knew the following spells:

 Your Spells              Type           Power      Damage    Failure   Level
a - Shock                 Conj/Air       100%       1d9       1%          1
b - Static Discharge      Conj/Air       54%        N/A       1%          2
c - Airstrike             Air            37%        N/A       1%          4
d - Lightning Bolt        Conj/Air       27%        1d43      7%          5

Your spell library contained the following spells:

 Spells                   Type           Power      Damage    Failure   Level
 Corpse Rot               Necr/Air       N/A        N/A       1%          2
 Swiftness                Air            75%        N/A       1%          3
 Corona                   Hex            14%        N/A       3%          1
 Ensorcelled Hibernation  Hex/Ice        26%        N/A       5%          2
 Dazzling Flash           Conj/Hex       32%        N/A       9%          3
 Stone Arrow              Conj/Erth      32%        3d9       9%          3
 Confusing Touch          Hex            13%        N/A       11%         3
 Tukima's Dance           Hex            13%        N/A       11%         3
 Hydra Form               Tmut           6%         N/A       67%         5
 Summon Forest            Summ/Tloc      6%         N/A       67%         5
 Eringya's Noxious Bog    Tmut/Pois      6%         N/A       99%         6
 Summon Hydra             Summ           6%         N/A       100%        7


Dungeon Overview and Level Annotations

Branches:
Dungeon (1/1)

Altars:
Ashenzari
Cheibriados
Dithmenos
Elyvilon
Fedhas
Gozag
Hepliaklqana
Kikubaaqudgha
Makhleb
Nemelex Xobeh
Okawaru
Qazlal
Ru
Sif Muna
Trog
Uskayaw
Vehumet
Wu Jian
Xom
Yredelemnul
Zin
The Shining One
Beogh
Jiyva
Lugonu

Annotations:
D Dowan, Duvessa, Edmund, Gastronok


Innate Abilities, Weirdness & Mutations

You cannot wear most types of armour.
You are amphibious.
You can wear up to eight rings at the same time.
Your skin changes colour to match your surroundings (Stealth+).
Your rubbery body absorbs attacks. (AC +1, EV +1)
((You are camouflaged near water. (Stealth+)))
You have tentacles for arms and can constrict up to eight enemies at once.


Message History

Unknown command.
Casting: Lightning Bolt (dangerous; 7% risk of failure)
Confirm with . or Enter, or press ? or * to list all spells.
Aiming: Lightning Bolt (dangerous; 7% risk of failure)
Press: ? - help, Shift-Dir - straight line You hear a mighty clap of thunder!
The bolt of lightning hits Gastronok!!
Gastronok is severely wounded.
Unknown command.
Casting: Lightning Bolt (dangerous; 7% risk of failure)
Confirm with . or Enter, or press ? or * to list all spells.
Aiming: Lightning Bolt (dangerous; 7% risk of failure)
Press: ? - help, Shift-Dir - straight line You hear a mighty clap of thunder!
The bolt of lightning hits Gastronok!
Gastronok is severely wounded.
Duvessa seems to regain her courage.
Gastronok's eyestalks quiver as he mumbles some strange words.
Okay, then.
Casting: Lightning Bolt (dangerous; 7% risk of failure)
Confirm with . or Enter, or press ? or * to list all spells.
Aiming: Lightning Bolt (dangerous; 7% risk of failure)
Press: ? - help, Shift-Dir - straight line You miscast Lightning Bolt.
You are blasted with magical energy!
The bat closely misses you. The bat hits you. The rat bites you.
Unknown command.
Unknown command.
Casting: Lightning Bolt (dangerous; 7% risk of failure)
Confirm with . or Enter, or press ? or * to list all spells.
Aiming: Lightning Bolt (dangerous; 7% risk of failure)
Press: ? - help, Shift-Dir - straight line, f - Duvessa
Aim: Duvessa, wielding a +0 short sword and wearing a +1 scale mail of fire resistance (74% to hit)
You hear a mighty clap of thunder!
The bolt of lightning hits Gastronok.
Gastronok is severely wounded.
The bolt of lightning hits Duvessa but does no damage.
The bat barely misses you. The bat hits you but does no damage.
The bat barely misses you. Gastronok bites you!!
Ouch! That really hurt!
You die...

▓..=}:..▓
▓..))[..▓
▓...)...▓
▓.......▓
▓.e.e.@.▓
▓.......▓
▓...wb..▓
▓..b@r..▓
▓▓▓▓▓▓▓▓▓


You could see Gastronok, Edmund, Duvessa, Dowan, 2 bats and a rat (summoned).

Vanquished Creatures
  A deep elf archer (D)
  A deep elf pyromancer (D)
  A deep elf zephyrmancer (D)
  Grinder (D)
  3 air elementals (D)
  Grum (D)
  A hell hound (D)
  A phantom (D)
  A crimson imp (D)
  2 orc priests (D)
  An orc wizard (D)
  A shadow imp (D)
  2 adder zombies (D)
  An orc (D)
  A bat zombie (D)
19 creatures vanquished.

Notes
Turn   | Place    | Note
-------+----------+-------------------------------------------
     0 | D        | Zeld the Octopode Air Elementalist began the quest for the
                  | Orb.
     0 | D        | Reached XP level 1. HP: 11/11 MP: 3/3
     0 | D        | Found a blossoming altar of Fedhas.
     1 | D        | Found the +6 Majin-Bo {vamp, MP+6 Int+6}
     1 | D        | Found the +9 heavy crossbow "Sniper" {vorpal, Acc+∞ SInv}
     1 | D        | Found the +10 dark maul {vorpal}
     1 | D        | Found the +15 Maxwell's patent armour {-Cast -Tele rElec
                  | Will+ rCorr}
     1 | D        | Found the +18 shield of the Gong {rElec rN+ Will+ EV-5}
     1 | D        | Found the +14 obsidian axe {vorpal, Drain Fly SInv}
     1 | D        | Found the +7 great mace "Firestarter" {inner flame, rF++}
     1 | D        | Found the +6 shillelagh "Devastator" {shatter}
     1 | D        | Found the +11 plutonium sword {Contam Stlth-}
     1 | D        | Found the +8 lance "Wyrmbane" {slay drac, rPois rF+ rC+
                  | AC+3}
     1 | D        | Found the +9 sword of Zonguldrok {reap}
     1 | D        | Found the +13 scythe of Curses {drain, Drain}
     1 | D        | Found the +5 sword of Power {vorpal}
     1 | D        | Found the +7 mace of Variability {chain chaos}
     1 | D        | Found the +7 Singing Sword {vorpal, sonic wave}
     1 | D        | Found the +8 storm bow {elec, penet}
     3 | D        | Found a shimmering blue altar of Sif Muna.
     3 | D        | Found a sacrificial altar of Ru.
     3 | D        | Found a bloodstained altar of Trog.
     3 | D        | Found a stormy altar of Qazlal.
     3 | D        | Found an iron altar of Okawaru.
     3 | D        | Found a sparkling altar of Nemelex Xobeh.
     5 | D        | Reached skill level 6 in Air Magic
     5 | D        | Reached XP level 2. HP: 17/17 MP: 4/7
    14 | D        | Found an ancient bone altar of Kikubaaqudgha.
    14 | D        | Found a transporter.
    14 | D        | Found a corrupted altar of Lugonu.
    14 | D        | Found a viscous altar of Jiyva.
    14 | D        | Found a burning altar of Makhleb.
    14 | D        | Found a hazy altar of Hepliaklqana.
    14 | D        | Found an opulent altar of Gozag.
    35 | D        | Became a worshipper of Sif Muna the Loreminder
    61 | D        | Learned a level 2 spell: Static Discharge
    61 | D        | Entered arena 2.
    61 | D        | Noticed a phantom
    61 | D        | Found a transporter.
    65 | D        | Killed a phantom
    66 | D        | Reached skill level 7 in Air Magic
    66 | D        | Reached XP level 3. HP: 24/24 MP: 9/9
    66 | D        | Reached XP level 4. HP: 29/29 MP: 10/10
    71 | D        | Learned a level 4 spell: Airstrike
   473 | D        | Entered arena 3.
   473 | D        | Noticed an air elemental
   473 | D        | Noticed an air elemental
   473 | D        | Noticed an air elemental
   473 | D        | Found a transporter.
   476 | D        | Killed an air elemental
   476 | D        | Reached * piety under Sif Muna
   476 | D        | Killed an air elemental
   476 | D        | Killed an air elemental
   477 | D        | Reached skill level 5 in Fighting
   477 | D        | Reached skill level 5 in Dodging
   477 | D        | Reached skill level 10 in Air Magic
   477 | D        | Reached XP level 5. HP: 39/39 MP: 11/14
   477 | D        | Reached XP level 6. HP: 45/45 MP: 11/15
   477 | D        | Reached XP level 7. HP: 50/50 MP: 11/16
   483 | D        | Learned a level 5 spell: Lightning Bolt
   729 | D        | Entered arena 4.
   729 | D        | Found a transporter.
   730 | D        | Reached ** piety under Sif Muna
  1046 | D        | Entered arena 5.
  1046 | D        | Noticed a +2 vampiric hand axe
  1046 | D        | Noticed a deep elf zephyrmancer
  1046 | D        | Noticed a deep elf archer
  1046 | D        | Noticed a deep elf pyromancer
  1046 | D        | Found a transporter.
  1056 | D        | Killed a deep elf pyromancer
  1056 | D        | Reached *** piety under Sif Muna
  1057 | D        | Reached XP level 8. HP: 57/57 MP: 18/18
  1057 | D        | Killed a deep elf zephyrmancer
  1058 | D        | Reached skill level 11 in Air Magic
  1058 | D        | Reached skill level 10 in Invocations
  1059 | D        | Killed a deep elf archer
  1072 | D        | Entered arena 6.
  1072 | D        | Found a transporter.
  1075 | D        | Reached **** piety under Sif Muna
  1078 | D        | Reached XP level 9. HP: 12/63 MP: 9/20
  1334 | D        | Entered arena 7.
  1334 | D        | Noticed Dowan
  1334 | D        | Noticed Duvessa
  1334 | D        | Noticed Edmund
  1334 | D        | Noticed Gastronok
  1334 | D        | Noticed Grum
  1334 | D        | Noticed Grinder
  1339 | D        | Killed Grum
  1342 | D        | Killed Grinder
  1342 | D        | Reached ***** piety under Sif Muna
  1343 | D        | Reached skill level 12 in Air Magic
  1354 | D        | Slain by Gastronok

Illustrated notes

Levels and vault maps discovered:
D:        sprint_v [room_start, room_1, room_2, room_3, room_4, room_5, room_6,
          room_7, room_8, room_9, room_10, room_11, room_12, room_13, room_14,
          room_15, room_16, room_17, room_18, room_19, room_20, room_21,
          room_22, room_23, room_24, room_25, room_26, room_27]

Skill      XL: |  1  2  3  4  5  6  7  8  9 |
---------------+----------------------------+-----
Spellcasting   | 4 6 7 8 |  8.1
Air Magic      | 6 7 10 11 12 | 12.0
Fighting       | 2 5 6 7 |  7.1
Dodging        | 3 5 6 7 |  7.6
Invocations    | 3 7 9 10 11 | 11.0
Stealth        | |  2.6
Conjurations   | |  1.0

Action                   |  1- 3 |  4- 6 |  7- 9 || total
-------------------------+-------+-------+-------++-------
 Cast: Lightning Bolt    |       |       |    13 ||    13
Invok: Channel Magic     |       |       |     2 ||     2
Evoke: Wand              |     2 |     3 |     9 ||    14
       Lightning rod     |     2 |       |    13 ||    15
  Use: Potion            |     1 |       |     4 ||     5
       Scroll            |       |       |     5 ||     5
Armor: Skin              |       |       |     1 ||     1
Dodge: Dodged            |     1 |       |     5 ||     6

Table legend: (Time is in decaauts)
 A = Elapsed time spent in this place.
 B = Non-inter-level travel time spent in this place.
 C = Inter-level travel time spent in this place.
 D = Time resting spent in this place.
 E = Time spent auto-exploring this place.
 F = Levels seen in this place.
 G = Mean time per level.
                   A        B        C        D        E       F      G
               +--------+--------+--------+--------+--------+-----+--------+
         Total |   1352 |   1352 |      0 |   1178 |      0 |   1 | 1352.0 |
       Dungeon |   1352 |   1352 |      0 |   1178 |      0 |   1 | 1352.0 |
               +--------+--------+--------+--------+--------+-----+--------+

Top non-repeatable levels by time:
       D: 1352 daAuts
